 Dungeon Crawl Stone Soup version 0.20.1-4-g4af34eaf8e (webtiles) character file.

217 Alfie the Shooter (level 5, 0/45 HPs)
             Began as a Minotaur Hunter on Mar 5, 2020.
             Slain by Alfie's ghost (2 damage)
             ... on level 4 of the Dungeon.
             The game lasted 00:09:04 (2276 turns).

Alfie the Shooter (Minotaur Hunter)                 Turns: 2276, Time: 00:09:05

Health: 0/45       AC:  6    Str: 18    XL:     5   Next: 62%
Magic:  4/4        EV: 10    Int:  8    God:
Gold:   185        SH:  0    Dex: 10    Spells: 3/4 levels left

rFire    . . .     SeeInvis .   b - +0 short sword
rCold    . . .     Gourm    .   (no shield)
rNeg     . . .     Faith    .   w - +0 scale mail
rPois    .         Spirit   .   (helmet restricted)
rElec    .         Reflect  .   (no cloak)
rCorr    .         Harm     .   (no gloves)
MR       .....                  (no boots)
Stlth    +.........             (no amulet)
Regen    0.2/turn               l - ring of stealth
MPRegen  0.1/turn               (no ring)

@: no status effects
A: retaliatory headbutt, horns 2
a: no special abilities


You were on level 4 of the Dungeon.
You were not hungry.

You visited 1 branch of the dungeon, and saw 4 of its levels.

You collected 185 gold pieces.

Inventory:

Hand Weapons
 a - a +1 shortbow
 b - a +0 short sword (weapon)
Missiles
 d - 35 arrows
 e - a tomahawk (quivered)
Armour
 c - a +1 leather armour
 w - a +0 scale mail (worn)
Jewellery
 l - a ring of stealth (left hand)
 m - an uncursed ring of fire
 r - a cursed -2 ring of protection {unknown}
Wands
 o - a wand of clouds (2/9)
 s - a wand of clouds (5/9)
Scrolls
 g - a scroll of teleportation
 h - a scroll of enchant armour
Potions
 i - a potion of resistance {unknown}
 j - a potion of brilliance {unknown}
 k - 3 potions of flight {unknown}
 n - 2 potions of agility {unknown}
 q - a potion of haste {unknown}
 u - a potion of mutation {unknown}
Books
 t - a book of Minor Magic

   Spells                             Type                      Level
   a - Magic Dart                     Conjuration                  1
   b - Blink                          Translocation                2
   c - Call Imp                       Summoning                    2
   d - Slow                           Hexes                        2
   e - Conjure Flame                  Conjuration/Fire             3
   f - Mephitic Cloud                 Conjuration/Poison/Air       3
Comestibles
 f - 3 bread rations
 p - 2 meat rations
 v - a royal jelly


   Skills:
 + Level 3.4 Fighting
 + Level 1.0 Short Blades
 + Level 6.7 Bows
 + Level 0.2 Throwing
 + Level 1.4 Armour
 + Level 2.5 Dodging
 + Level 0.8 Stealth


You had 3 spell levels left.
You knew the following spells:

 Your Spells              Type           Power        Failure   Level  Hunger
a - Magic Dart            Conj           #...         80%         1    ##.....


Dungeon Overview and Level Annotations

Branches:
Dungeon (4/15)
 Temple: D:4-7

Altars:
Elyvilon
Fedhas

Annotations:
D:4 Alfie's ghost, amateur MiHu


Innate Abilities, Weirdness & Mutations

You reflexively headbutt those who attack you in melee.
You have a pair of horns on your head.


Message History

* * * LOW HITPOINT WARNING * * *
You closely miss Alfie's ghost.
Alfie's ghost is moderately damaged.
Alfie's ghost closely misses you.
You barely miss Alfie's ghost. Your headbutt misses Alfie's ghost.
Alfie's ghost is moderately damaged.
Alfie's ghost hits you.
* * * LOW HITPOINT WARNING * * *
You barely miss Alfie's ghost.
Alfie's ghost is moderately damaged.
Alfie's ghost hits you.
* * * LOW HITPOINT WARNING * * *
You hit Alfie's ghost.
Alfie's ghost is heavily damaged.
Alfie's ghost hits you.
* * * LOW HITPOINT WARNING * * *
You closely miss Alfie's ghost.
Alfie's ghost is heavily damaged.
Alfie's ghost hits you.
You die...

.....(..<...# ............#
#............##
...(............ .##
##...............# ....
#.((.............. #..#
##(..............## #..
#.W# .............#
###..####.@# ...... ##..
........#..##...... ####...
................... .......
.................# a.....#
.................###.##....
.........##......##..##....
..............#####.##..##.
..............###..........
..............##.......####


You could see Alfie's ghost.

Vanquished Creatures
  An orc priest (D:4)
  Ijyb (D:3)
  A worker ant (D:4)
  6 adders
  An ooze (D:3)
  A dart slug (D:1)
  2 leopard geckos
  3 orcs (D:4)
  12 bats
  4 giant cockroaches
  5 goblins
  6 hobgoblins
  12 jackals
  7 kobolds
  2 quokkas (D:2)
  7 frilled lizards
  7 rats
78 creatures vanquished.

Notes
Turn   | Place    | Note
-------+----------+-------------------------------------------
     0 | D:1      | Alfie the Minotaur Hunter began the quest for the Orb.
     0 | D:1      | Reached XP level 1. HP: 18/18 MP: 0/0
   259 | D:1      | Reached XP level 2. HP: 25/25 MP: 1/1
   310 | D:1      | Reached skill level 5 in Bows
   802 | D:2      | Reached XP level 3. HP: 30/30 MP: 2/2
   921 | D:2      | Reached XP level 4. HP: 37/37 MP: 3/3
   937 | D:2      | Reached skill level 6 in Bows
  1136 | D:2      | Learned a level 1 spell: Magic Dart
  1468 | D:3      | Noticed Ijyb
  1483 | D:3      | Killed Ijyb
  1538 | D:3      | Reached XP level 5. HP: 45/45 MP: 4/4
  1756 | D:3      | Found a blossoming altar of Fedhas.
  1849 | D:3      | Reached skill level 1 in Armour
  1877 | D:3      | Found a white marble altar of Elyvilon.
  2213 | D:4      | Reached skill level 1 in Short Blades
  2254 | D:4      | Noticed Alfie's ghost (amateur MiHu)
  2275 | D:4      | HP: 2/45 [Alfie's ghost (4)]
  2276 | D:4      | Slain by Alfie's ghost

Skill      XL: |  1  2  3  4  5 |
---------------+----------------+-----
Bows           | 5 6 |  6.7
Fighting       | 3 |  3.4
Armour         | 1 |  1.4
Short Blades   | 1 |  1.0
Throwing       | |  0.2
Dodging        | |  2.5
Stealth        | |  0.8

Action                   |  1- 3 |  4- 6 || total
-------------------------+-------+-------++-------
Melee: Short sword       |     7 |    55 ||    62
       Headbutt          |       |     5 ||     5
 Fire: Shortbow          |    78 |    75 ||   153
Throw: Tomahawk          |       |    10 ||    10
  Use: Scroll            |       |     8 ||     8
  Eat: Bread ration      |       |     1 ||     1
Armor: Leather armour    |    12 |    27 ||    39
Dodge: Dodged            |    21 |    66 ||    87
